AoeStats
← The king

Black Forest

510055443Analyzed
4v4 RM · 4d ago on Sep 29, 2026· 82m 20s· 8 players
Game mode
Random Map
Map size
Large (8 player)
Population
200
Speed
Normal
Resources
Standard
Victory
Conquest
Starting age
Dark Age
Ending age
Imperial Age
RankedLock teamsTeams togetherTeam positionsShared explorationLock speedFull tech treeHidden civsTurbo modeCheats
Victory
Defeat
🇨🇳 Teutons · China
1225
+13
🇨🇳 Bohemians · China
1223
+13
1203
+14
🇨🇳 Bulgarians · China
1138
+17
🇷🇺 Tupi · Russia
1201
-16
🇪🇸 Celts · Spain
1172
-15
🇦🇹 Goths · Austria
1136
-13
🇨🇳 Saracens · China
1133
-13
eugenibeto
0:30 Loom
12:31 Feudal Age
16:48 Castle Age
15:40 Man-at-Arms
16:20 Double-Bit Axe
17:07 Gold Mining
19:20 Long Swordsman
30:58 Wheelbarrow
35:30 Imperial Age
33:57 Hand Cart
34:46 Town Watch
34:45 Horse Collar
35:41 Gold Shaft Mining
35:43 Pikeman
36:28 Town Patrol
36:43 Bow Saw
36:31 Capped Ram
36:51 Halberdier
37:32 Siege Ram
38:26 Stone Mining
38:41 Heavy Plow
38:54 Gambesons
38:54 Arson
39:15 Scale Mail Armor
40:01 Forging
40:10 Heavy Scorpion
41:57 Furor Celtica
42:15 Chain Mail Armor
42:36 Iron Casting
45:59 Siege Engineers
46:19 Conscription
48:23 Plate Mail Armor
48:54 Blast Furnace
54:41 Heated Shot
55:15 Ballistics
55:07 Fortified Wall
54:52 Murder Holes
59:40 Stone Shaft Mining
61:03 Fletching
61:13 Padded Archer Armor
61:04 Arrowslits
62:21 Chemistry
63:41 Bodkin Arrow
64:03 Leather Archer Armor
66:17 Onager
68:25 Masonry
68:23 Siege Onager
74:35 Two-Handed Swordsman
75:57 Champion
Unlucky
11:09 Feudal Age
10:26 Loom
16:01 Castle Age
13:56 Double-Bit Axe
15:19 Horse Collar
17:36 Bow Saw
17:32 Heavy Plow
22:51 Stone Mining
22:57 Gold Mining
24:48 Wheelbarrow
24:12 Town Watch
28:07 Hand Cart
27:44 Fletching
28:56 Ballistics
29:22 Gold Shaft Mining
32:09 Imperial Age
30:32 Bodkin Arrow
30:37 Padded Archer Armor
32:58 Leather Archer Armor
32:54 Bracer
32:29 Elite Blackwood Archer
33:30 Conscription
36:13 Chemistry
35:39 Curare
36:13 Ring Archer Armor
46:54 Murder Holes
46:40 Treadmill Crane
48:51 Crossbowman
50:15 Squires
49:36 Elite Ibirapema Warrior
50:34 Forging
50:25 Scale Mail Armor
52:07 Iron Casting
51:12 Elite Skirmisher
52:50 Chain Mail Armor
60:21 Plate Mail Armor
3blue
7:11 Loom
9:46 Feudal Age
9:59 Man-at-Arms
10:37 Double-Bit Axe
20:20 Castle Age
18:35 Gold Mining
18:56 Horse Collar
19:25 Stone Mining
20:30 Scale Mail Armor
20:40 Forging
21:31 Chain Mail Armor
20:41 Long Swordsman
21:22 Squires
22:36 Wheelbarrow
22:13 Bow Saw
24:07 Iron Casting
24:20 Fletching
26:18 Heavy Plow
30:11 Imperial Age
28:25 Hand Cart
29:21 Anarchy
29:11 Pikeman
30:13 Two-Handed Swordsman
32:07 Blast Furnace
31:30 Bodkin Arrow
31:57 Ballistics
31:57 Champion
34:01 Halberdier
36:30 Stone Shaft Mining
Vtinglove
6:53 Loom
8:59 Loom
12:35 Feudal Age
16:30 Castle Age
14:25 Double-Bit Axe
14:42 Horse Collar
17:21 Bow Saw
17:24 Heavy Plow
24:27 Fletching
24:45 Town Watch
25:35 Wheelbarrow
24:50 Crossbowman
27:00 Hand Cart
27:26 Stone Mining
27:26 Gold Mining
28:15 Thumb Ring
29:22 Bodkin Arrow
29:29 Padded Archer Armor
29:26 Gold Mining
30:17 Caravan
31:10 Gold Shaft Mining
31:23 Elite Skirmisher
34:49 Imperial Age
32:58 Ballistics
35:56 Conscription
36:44 Chemistry
35:48 Bracer
36:03 Leather Archer Armor
35:52 Arbalester
42:41 Parthian Tactics
43:15 Light Cavalry
44:06 Bloodlines
43:58 Husbandry
44:16 Leather Archer Armor
44:06 Scale Barding Armor
44:30 Elite Mameluke
44:52 Hussar
46:30 Hoardings
46:41 Chain Barding Armor
49:53 Forging
51:21 Plate Barding Armor
51:21 Iron Casting
51:18 Counterweights
56:38 Two-Man Saw
56:12 Onager
57:40 Bimaristan
65:48 Blast Furnace
66:20 Fortified Wall
66:16 Siege Engineers
66:22 Masonry
66:07 Murder Holes
69:11 Ring Archer Armor
71:28 Arrowslits
BøM_從小不缺鮑魚
10:35 Feudal Age
11:25 Double-Bit Axe
15:51 Castle Age
14:17 Stone Mining
14:32 Horse Collar
17:02 Bow Saw
20:07 Loom
20:52 Gold Mining
27:47 Imperial Age
27:54 Imperial Age
26:37 Ballistics
26:30 Heavy Plow
26:37 Padded Archer Armor
27:40 Wheelbarrow
27:51 Leather Archer Armor
28:18 Stone Shaft Mining
28:55 Hand Cart
29:43 Chemistry
30:00 Two-Man Saw
30:00 Ring Archer Armor
29:37 Loom
31:18 Fletching
35:01 Pirotechnia
36:37 Conscription
36:19 Squires
35:40 Pikeman
36:05 Arson
37:18 Thumb Ring
36:34 Elite Skirmisher
37:14 Bodkin Arrow
37:29 Forging
37:20 Scale Mail Armor
37:35 Caravan
37:51 Bracer
39:04 Iron Casting
40:20 Silk Road
41:31 Treadmill Crane
41:46 Murder Holes
42:01 Masonry
43:00 Coinage
42:41 Guilds
45:16 Hoardings
45:59 Blast Furnace
45:15 Chain Mail Armor
46:08 Architecture
46:00 Bombard Tower
46:16 Banking
46:02 Capped Ram
46:02 Onager
46:33 Town Watch
47:26 Plate Mail Armor
47:02 Scale Barding Armor
47:13 Arrowslits
47:19 Guard Tower
48:10 Elite Genoese Crossbowman
49:13 Chain Barding Armor
49:11 Light Cavalry
50:02 Bloodlines
49:52 Husbandry
49:47 Hussar
51:07 Keep
51:09 Plate Barding Armor
50:41 Cavalier
51:25 Town Patrol
50:47 Crossbowman
51:56 Man-at-Arms
56:40 Fortified Wall
56:22 Heated Shot
63:42 Arbalester
好似喵
12:01 Feudal Age
16:03 Castle Age
13:52 Double-Bit Axe
14:30 Horse Collar
14:55 Gold Mining
18:08 Bow Saw
18:40 Heavy Plow
21:25 Loom
28:15 Wheelbarrow
28:26 Stone Mining
38:23 Bloodlines
38:21 Scale Barding Armor
38:27 Forging
40:38 Chain Barding Armor
51:18 Iron Casting
54:00 Scale Mail Armor
61:45 Stone Shaft Mining
69:52 Imperial Age
68:59 Caravan
71:30 Hand Cart
71:44 Chain Mail Armor
72:30 Blast Furnace
72:47 Plate Mail Armor
71:38 Pikeman
72:19 Squires
72:30 Halberdier
The king
0:59 Loom
11:17 Feudal Age
15:23 Castle Age
14:19 Double-Bit Axe
14:49 Horse Collar
25:00 Wheelbarrow
30:59 Imperial Age
28:56 Forging
28:35 Gambesons
29:18 Scale Barding Armor
29:13 Gold Mining
30:14 Bloodlines
30:14 Stirrups
30:58 Iron Casting
30:16 Stone Mining
31:07 Husbandry
31:45 Gold Shaft Mining
32:58 Blast Furnace
32:26 Hand Cart
32:42 Scale Mail Armor
32:45 Squires
32:33 Town Watch
34:13 Chain Mail Armor
34:13 Heavy Plow
34:10 Capped Ram
35:11 Fletching
35:59 Stone Shaft Mining
35:33 Town Patrol
37:10 Chain Barding Armor
36:59 Bodkin Arrow
38:28 Plate Barding Armor
38:16 Conscription
39:36 Plate Mail Armor
39:11 Bagains
40:20 Bracer
40:12 Elite Konnik
42:47 Chemistry
42:26 Siege Engineers
42:23 Padded Archer Armor
44:02 Leather Archer Armor
45:11 Ballistics
52:55 Elite Skirmisher
53:41 Thumb Ring
54:51 Siege Ram
55:59 Onager
64:56 Siege Onager
70:43 Light Cavalry
71:28 Hussar
79:18 Arson
ikiro
7:39 Loom
11:47 Feudal Age
12:47 Double-Bit Axe
12:45 Horse Collar
15:38 Castle Age
17:38 Bow Saw
18:12 Wheelbarrow
28:02 Imperial Age
27:18 Chemistry
27:20 Padded Archer Armor
28:57 Leather Archer Armor
29:27 Hand Cart
31:12 Ring Archer Armor
34:33 Siege Engineers
35:20 Conscription
35:13 Wagenburg Tactics
36:51 Murder Holes
37:08 Masonry
36:36 Pikeman
37:16 Squires
37:01 Arson
36:55 Houfnice
41:11 Fletching
44:00 Elite Hussite Wagon
48:57 Caravan
50:35 Ballistics
50:47 Architecture
50:30 Fortified Wall
57:10 Forging
57:00 Scale Mail Armor
57:11 Forging
57:01 Scale Mail Armor
58:18 Halberdier
60:13 Two-Man Saw
59:42 Chain Mail Armor
60:03 Iron Casting
60:38 Heavy Plow
61:39 Plate Mail Armor
62:10 Blast Furnace
68:33 Scale Barding Armor
75:25 Town Watch
Connection lost

Rejoining the realm…

Still unreachable

The connection could not be restored.

Session expired

The server has moved on; the page needs a fresh start.